 BcadrenCrawl: Boulder Brew version 0.05.21-27-ga03c02ce52 (webtiles) character file.

Game seed: 11688057533031116971, levelgen mode: deterministic

394 protoss039 the Magician (level 6, -4/32 HPs) Deep Elf Earth Elementalist. Began on July 11, 2021. Slain by a sewer rat (5 damage) ... on level 2 of the Dungeon. The game lasted 00:05:00 (1007 turns).

protoss039 the Magician (DEEE)                      Turns: 1007, Time: 00:05:01

Health: -4/32      AC: -6    Str:  5    XL:     6 ^: 170
Magic:  14/26      EV: 12    Int: 22    God:
Gold:   119        SH:  5    Dex: 10    Spells: 8/18 levels left

rFire    . . .     Vision   .   g - +0 dagger
rCold    . . .     Gourm    .   (no weapon)
rNeg     . . .     Faith    .   b - +0 robe
rCorr    . . .     Spirit   .   (no helmet)
rPois    .         Reflect  +   (no cloak)
rElec    .         Harm     .   (no gloves)
MR       +....                  (no boots)
Stlth    +.........             i - amulet of reflection (curse) {(Curse: Dex-5)}
HPRegen  0.20/turn              l - ring of magical power
MPRegen  0.36/turn              e - ring of protection from magic

@: corroded, very slow
A: no striking features
a: no special abilities


You were on level 2 of the Dungeon.
You were not hungry.

You visited 1 branch of the dungeon, and saw 2 of its levels.

You collected 119 gold pieces.

Inventory:

Weapons
 g - a +0 dagger (weapon)
Armour
 b - a +0 robe (worn)
Jewellery
 e - a ring of protection from magic (right hand)
 i - a cursed amulet of reflection (around neck) {(Curse: Dex-5)}
 j - an uncursed ring of ice
 l - a ring of magical power (left hand)
Scrolls
 a - 2 scrolls of enchantment
 m - 2 scrolls of magic mapping
 o - a scroll of teleportation
Potions
 d - 2 potions of curing
 f - a potion of cure mutation
 k - a potion of heal wounds
 n - a potion of brilliance
 p - a potion of might
 q - a potion of haste
Comestibles
 c - 3 rations
 h - 3 chunks of flesh


   Skills:
 - Level 2.5 Dodging
 - Level 2.5 Stealth
 + Level 6.6 Spellcasting
 - Level 2.2 Transmutations
 + Level 5.9 Earth Magic


You had 8 spell levels left.
You knew the following spells:

 Your Spells              Type           Power        Failure   Level  Hunger
a - Sandblast             Erth           33 (50)      1%          1    None
b - Passwall              Tmut/Erth      25 (120)     2%          2    None
c - Stone Arrow           Erth           33 (50)      2%          3    #......
d - Petrify               Tmut/Erth      25 (100)     16%         4    ###....

Your spell library contained the following spells:

 Spells                   Type           Power        Failure   Level  Hunger
 Lee's Rapid Deconstruct  Erth           33 (200)     21%         5    #####..
 Methodical Deconstructi  Erth           33 (200)     21%         5    #####..


Dungeon Overview and Level Annotations

Branches:
Dungeon (2/8)

Altars:


Message History

Confirm with . or Enter, or press ? or * to list all spells.
Aiming: Sandblast (safe; 1% risk of failure)
Press: ? - help, Shift-Dir - straight line, f/p - sewer rat
Aim: a submerged sewer rat (almost dead (2/11))
Okay, then.
Casting: Sandblast (safe; 1% risk of failure)
Confirm with . or Enter, or press ? or * to list all spells.
Aiming: Sandblast (safe; 1% risk of failure)
Press: ? - help, Shift-Dir - straight line, f/p - sewer rat
Aim: a submerged sewer rat (almost dead (2/11))
The blast of sand misses the sewer rat.
You block the jelly's attack.
Casting: Sandblast (safe; 1% risk of failure)
Confirm with . or Enter, or press ? or * to list all spells.
Aiming: Sandblast (safe; 1% risk of failure)
Press: ? - help, Shift-Dir - straight line, f - jelly, p - sewer rat
Aim: a jelly (severely wounded (4/18))
The blast of sand hits the jelly (18)!!
You kill the jelly!
The sewer rat bites you (5).
You die... ###....≈#.≈## .P≈P.PP.. #≈.≈.#..#..# P.PP.bP.#

#..###..#..#
#≈≈≈≈P..≈.
##≈##≈#..#.≈#
#≈P≈≈≈≈≈..
#≈##.≈≈.#≈.##
#≈≈≈≈≈≈≈.# #≈.≈.#
##..#
#≈≈≈≈≈≈≈.###..≈##
#≈≈≈# ≈≈≈≈≈b≈r.##≈.###
##≈)## ..≈≈≈≈≈r@#..##
###†≈# ..≈≈≈≈≈≈≈##≈≈#
##≈≈..# #.≈≈≈≈≈≈P##.≈#
##≈.≈###
#≈≈≈≈≈≈P.....# ##≈.###
#≈P≈≈;≈≈P..)## #.≈.#
≈PP≈≈≈≈≈P#.≈.## ##..#
..≈≈≈≈≈P≈##..≈# #.≈##
..P≈≈≈bP≈.#.≈## ##.≈≈#
..P≈≈≈≈P.....####≈..##


You could see 2 submerged sewer rats and a neutral submerged slimehead
(wandering) (passive).

Vanquished Creatures
  Sigmund (D:2)
  4 jellies (D:2)
  A giant cockroach (D:1)
  2 adders (D:2)
  A sewer rat (D:2)
  5 cinder newts
  3 dart slugs (D:1)
  3 leopard geckos (D:1)
  9 goblins (D:1)
  4 hobgoblins (D:1)
  3 ball pythons
  4 bats
  4 kobolds (D:1)
  7 rats (D:1)
51 creatures vanquished.

Vanquished Creatures (others)
  26 withered plants (D:2)
26 creatures vanquished.

Grand Total: 77 creatures vanquished

Notes
Turn   | Place    | Note
-------+----------+-------------------------------------------
     0 | D:1      | protoss039 the Deep Elf Earth Elementalist began the quest
                  | for the Orb.
     0 | D:1      | Reached XP level 1. HP: 10/10 MP: 6/6
    84 | D:1      | Reached XP level 2. HP: 4/15 MP: 0/8
   165 | D:1      | Reached XP level 3. HP: 19/19 MP: 3/10
   251 | D:1      | Reached skill level 4 in Spellcasting
   406 | D:1      | Reached XP level 4. HP: 24/24 MP: 10/12
   691 | D:1      | Learned a level 2 spell: Passwall
   695 | D:1      | Learned a level 3 spell: Stone Arrow
   700 | D:1      | Learned a level 4 spell: Petrify
   827 | D:2      | Noticed Sigmund
   836 | D:2      | Killed Sigmund
   836 | D:2      | Reached skill level 6 in Spellcasting
   836 | D:2      | Reached skill level 5 in Earth Magic
   836 | D:2      | Reached XP level 5. HP: 17/28 MP: 5/15
   836 | D:2      | Reached XP level 6. HP: 20/32 MP: 5/17
  1005 | D:2      | HP: 1/32 [acid (10)]
  1007 | D:2      | Slain by a sewer rat

Levels and vault maps discovered:
D:1:      dpeg_arrival_boxes_within_box, layout_rooms, minmay_small_reverse_x
D:2:      layout_sewer, tso_oasis_becter, first_ration, uniq_sigmund

Skill      XL: |  1  2  3  4 |
---------------+-------------+-----
Earth Magic    | 4 5 |  5.9
Spellcasting   | 4 6 |  6.6
Transmutations | 2 |  2.2
Dodging        | |  2.5
Stealth        | |  2.5

Action                   |  1- 3 |  4- 6 || total
-------------------------+-------+-------++-------
Melee: Dagger            |     3 |    10 ||    13
       Unarmed           |     2 |     9 ||    11
 Cast: Sandblast         |    44 |    21 ||    65
       Stone Arrow       |       |    12 ||    12
 Stab: Sleeping          |       |     1 ||     1
  Eat: Chunk             |       |     1 ||     1
Armor: Robe              |     2 |     3 ||     5
Dodge: Dodged            |    18 |    21 ||    39
Block: Other             |     3 |     5 ||     8
       Reflection        |     1 |       ||     1
